AoeStats
← Zumoshi

Arabia

506801570Analyzed
1v1 RM · 18d ago on Sep 15, 2026· 45m 59s· 2 players
Game mode
Random Map
Map size
Tiny (2 player)
Population
200
Speed
Normal
Resources
Standard
Victory
Conquest
Starting age
Dark Age
Ending age
Imperial Age
RankedLock teamsTeams togetherTeam positionsShared explorationLock speedFull tech treeHidden civsTurbo modeCheats
Victory
Defeat
🇮🇱 Maya · Israel
1115
+17
🇳🇴 Turks · Norway
1139
-17
Zumoshi
0:26 Loom
9:53 Feudal Age
10:47 Double-Bit Axe
16:33 Fletching
17:48 Horse Collar
20:26 Scale Mail Armor
25:26 Castle Age
24:28 Padded Archer Armor
25:36 Gold Mining
25:35 Crossbowman
26:15 Bodkin Arrow
26:45 Bow Saw
27:16 Wheelbarrow
27:41 Squires
28:36 Thumb Ring
29:22 Eagle Warrior
32:02 Pikeman
34:42 Leather Archer Armor
34:44 Chain Mail Armor
42:54 Imperial Age
42:13 Forging
42:26 Ballistics
41:51 Treadmill Crane
42:55 Heavy Plow
43:15 Hand Cart
45:00 Bracer
44:24 Arbalester
Fred
7:18 Loom
9:40 Feudal Age
11:02 Double-Bit Axe
15:22 Horse Collar
17:29 Bloodlines
20:24 Fletching
26:24 Castle Age
24:50 Scale Barding Armor
24:56 Forging
27:07 Husbandry
27:44 Chain Barding Armor
32:34 Iron Casting
35:22 Wheelbarrow
34:58 Gold Mining
41:01 Imperial Age
39:52 Hand Cart
42:00 Artillery
42:38 Bow Saw
43:49 Bodkin Arrow
Connection lost

Rejoining the realm…

Still unreachable

The connection could not be restored.

Session expired

The server has moved on; the page needs a fresh start.